 Dungeon Crawl Stone Soup version 0.31.0-12-g77e489cdc1 (webtiles) character file.

Game seed: 10737559124816161613

241 Aneyh the Poker (level 6, -1/39 HPs)
             Began as a Tengu Monk on Feb 16, 2024.
             Frozen to death by an endoplasm (4 damage)
             ... on level 4 of the Dungeon.
             The game lasted 00:07:38 (3708 turns).

Aneyh the Poker (Tengu Monk)                        Turns: 3708, Time: 00:07:39

Health: -1/39      AC:  2    Str: 11    XL:     6   Next: 8%
Magic:  7/7        EV: 28    Int: 12    God:
Gold:   197        SH:  0    Dex: 17    Spells: 5/5 levels left

rFire   . . .        a - +0 halberd
rCold   . . .        (shield currently unavailable)
rNeg    . . .        g - +0 robe
rPois   .            (helmet restricted)
rElec   .            (no cloak)
rCorr   .            (no gloves)
SInv    .            (boots unavailable)
Will    .....        (no amulet)
Stlth   ++           (no ring)
HPRegen 0.26/turn    (no ring)
MPRegen 0.10/turn

%: acrobat
@: acrobatic
A: beak, talons 3, acrobatic
a: no special abilities


You were on level 4 of the Dungeon.
You visited 2 branches of the dungeon, and saw 5 of its levels.

You collected 197 gold pieces.

Inventory:

Hand Weapons
 a - a +0 halberd (weapon)
 b - a +1 dagger of speed
 f - a +0 trident
 m - a +0 spear
 p - a +2 heavy hand axe
 s - a +0 flail of holy wrath
Armour
 d - an orb of light
 g - a +0 robe (worn)
 u - the +1 ring mail of Usigyesk {rPois Regen+ Str-3 Dex+6}
   (You found it on level 4 of the Dungeon)

   Str-3:     It affects your strength (-3).
   Dex+6:     It affects your dexterity (+6).
   rPois:     It protects you from poison Regen+: It increases your rate of
   health regeneration.
Scrolls
 c - 3 scrolls of teleportation {unknown}
 e - a scroll of amnesia {unknown}
 i - 2 scrolls of identify {unknown}
 l - a scroll of poison {unknown}
 o - 2 scrolls of blinking {unknown}
Potions
 h - a potion of haste {unknown}
 j - a potion of magic {unknown}
 k - 2 potions of cancellation {unknown}
 n - a potion of mutation {unknown}
 q - a potion of might {unknown}
 r - a potion of enlightenment {unknown}
 t - a potion of degeneration {unknown}


   Skills:
 + Level 4.7 Fighting
 - Level 6.0 Polearms
 - Level 3.2 Dodging


You had 5 spell levels left.
You didn't know any spells.
Your spell library was empty.

Dungeon Overview and Level Annotations

Branches:
Dungeon (4/15)             Temple (1/1) D:4

Altars:
Ashenzari
Dithmenos
Kikubaaqudgha
Makhleb
Nemelex Xobeh
Okawaru
Ru
Vehumet
Yredelemnul

Shops:
D:1 !


Innate Abilities, Weirdness & Mutations

You have a beak for a mouth.
You have claws for feet.
You can magically evade attacks while moving or waiting.


Message History

The endoplasm completely misses you. The endoplasm freezes you.
You are frozen.
You hear the quick rusting of a very distant drain.
The endoplasm freezes you.
You are frozen.
The endoplasm freezes you.
You are frozen.
The endoplasm freezes you.
You are frozen.
The endoplasm freezes you.
You are frozen.
The endoplasm completely misses you. The endoplasm freezes you.
You are frozen.
The endoplasm closely misses you. The endoplasm completely misses you.
The endoplasm freezes you.
You are frozen.
* * * LOW HITPOINT WARNING * * *
The endoplasm hits you.
* * * LOW HITPOINT WARNING * * *
The endoplasm completely misses you. The endoplasm hits you.
* * * LOW HITPOINT WARNING * * *
The endoplasm freezes you.
You are frozen.
* * * LOW HITPOINT WARNING * * *
The endoplasm misses you. The endoplasm completely misses you.
The endoplasm completely misses you. The endoplasm misses you.
The endoplasm closely misses you. The endoplasm misses you.
The endoplasm freezes you.
You are frozen.
* * * LOW HITPOINT WARNING * * *
The endoplasm freezes you.
You are frozen.
You die...

)..##.#......#
###..#......##.#
##.##.#......#
#....#.##...##.###
#.##.#.###### #.#..#.
#.#.##....
#....#'########.##J#.
#.#.######
####..........#.##.#.
#.#.#
#..........#.##.#
#.#.#
#..........#.##.# #.#
###'########J##.#+##.#
#.# #@##......#
#.###### #.#.......#
#.....<# #.#.#.....#
#####..# #.#....##.#
#..# #.#######.# #..#
#....J....# #..#
########### ## #..# #.
#..# #.


You could see an endoplasm.

Vanquished Creatures
  An orc priest (D:3)
  A hound (D:4)
  A jelly (D:4)
  5 adders
  4 gnolls
  A shadow imp (D:4)
  A dart slug (D:2)
  A ribbon worm (D:4)
  4 orcs
  5 endoplasms
  A giant cockroach (D:1)
  5 goblins
  4 hobgoblins
  6 kobolds
  A quokka (D:1)
  4 ball pythons
  9 bats
  4 frilled lizards
  4 rats
62 creatures vanquished.

Notes
Turn   | Place    | Note
-------+----------+-------------------------------------------
     0 | D:1      | Aneyh the Tengu Monk began the quest for the Orb.
     0 | D:1      | Reached XP level 1. HP: 14/14 MP: 2/2
    86 | D:1      | Reached skill level 4 in Polearms
    86 | D:1      | Reached XP level 2. HP: 16/19 MP: 3/3
   288 | D:1      | Found Boprur's Distillery.
   701 | D:1      | Reached XP level 3. HP: 23/23 MP: 4/4
   950 | D:2      | Found a faded altar of an unknown god.
  1268 | D:2      | Reached skill level 5 in Polearms
  1437 | D:3      | Reached XP level 4. HP: 28/28 MP: 5/5
  1476 | D:3      | Found a sparkling altar of Nemelex Xobeh.
  2520 | D:3      | Reached XP level 5. HP: 17/33 MP: 6/6
  3294 | D:4      | Identified the +1 ring mail of Usigyesk {rPois Regen+ Str-3
                  | Dex+6}
  3402 | D:4      | Found a staircase to the Ecumenical Temple.
  3413 | Temple   | Entered the Ecumenical Temple
  3507 | D:4      | Reached skill level 6 in Polearms
  3507 | D:4      | Reached XP level 6. HP: 28/39 MP: 7/7
  3606 | D:4      | Found an iron altar of Okawaru.
  3708 | D:4      | Frozen to death by an endoplasm

Illustrated notes

Levels and vault maps discovered:
D:1:      denvon_arrival_planthouse, layout_basic, serial_shops, shop,
          minmay_gold_behind_fungi
D:2:      layout_basic, dreamdust_ecumenical_altar_grove
D:3:      minmay_inner_zag, layout_basic,
          mainiacjoe_overflow_concentric_impassable
D:4:      layout_basic, nicolae_overflow_hidden_temple,
          minmay_temple_entry_grid, cheibrodos_sewer_entry_bend
Temple:   hellmonk_temple_of_storms

Skill      XL: |  1  2  3  4  5 |
---------------+----------------+-----
Polearms       | 4 5 6 |  6.0
Fighting       | 4 |  4.7
Dodging        | |  3.2

Action                     |  1- 3 |  4- 6 || total
---------------------------+-------+-------++-------
  Melee: Spear             |    57 |       ||    57
         Kick              |    12 |    19 ||    31
         Peck              |    10 |     9 ||    19
         Trident           |    18 |    31 ||    49
         Dagger            |     6 |       ||     6
         Halberd           |       |    58 ||    58
         Punch             |       |     1 ||     1
    Use: Potion            |     1 |     4 ||     5
   Stab: Invisible         |       |     1 ||     1
         Sleeping          |       |     2 ||     2
 Armour: Robe              |    12 |    30 ||    42
         Skin              |       |     2 ||     2
  Dodge: Dodged            |    32 |    83 ||   115
